 Dungeon Crawl Stone Soup version 0.29.1-15-g9cfb28693d (webtiles) character file.

Game seed: 12527404830529874426

598 386 the Covered (level 7, -1/61 HPs)
             Began as a Minotaur Fighter on Mar 21, 2023.
             Was an Initiate of Cheibriados.
             Slain by a kobold brigand
             ... wielding a +0 dagger
              (3 damage)
             ... on level 6 of the Dungeon.
             The game lasted 00:14:54 (3759 turns).

386 the Covered (Minotaur Fighter)                  Turns: 3759, Time: 00:14:55

Health: -1/61      AC: 11    Str: 21    XL:     7   Next: 17%
Magic:  6/6        EV:  7    Int:  6    God:    Cheibriados [......]
Gold:   248        SH:  5    Dex: 13    Spells: 6/6 levels left

rFire   . . .      SeeInvis .   a - +0 war axe
rCold   . . .      Faith    +   c - +0 buckler
rNeg    . . .      Spirit   .   p - +0 chain mail
rPois   .          Reflect  .   (helmet restricted)
rElec   .          Harm     .   m - +0 cloak
rCorr   .          Rampage  .   (no gloves)
Will    .....                   (no boots)
Stlth   ..........              o - amulet of faith
HPRegen 0.20/turn               (no ring)
MPRegen 0.10/turn               (no ring)

@: very slow
A: horns 2, retaliatory headbutt
a: Renounce Religion


You were on level 6 of the Dungeon.
You worshipped Cheibriados.
Cheibriados was noncommittal.
You visited 2 branches of the dungeon, and saw 6 of its levels.

You collected 248 gold pieces.

Inventory:

Hand Weapons
 a - a +0 war axe (weapon)
 v - the +8 whip of Experimentation {freeze, rCorr}
   (You found it on level 3 of the Dungeon)

   It freezes those it strikes, dealing additional cold damage.
   It can also slow down cold-blooded creatures.
   rCorr:     It protects you from acid and corrosion.
Missiles
 w - 3 curare-tipped darts (quivered)
Armour
 b - a +0 scale mail
 c - a +0 buckler (worn)
 m - a +0 cloak (worn)
 n - a +0 helmet
 p - a +0 chain mail (worn)
Jewellery
 o - an amulet of faith (around neck)
 y - a ring of positive energy
Wands
 t - a wand of flame (18)
Scrolls
 j - 4 scrolls of teleportation {unknown}
 l - 6 scrolls of identify {unknown}
 q - a scroll of brand weapon {unknown}
 r - 2 scrolls of poison {unknown}
 s - a scroll of enchant armour {unknown}
 x - 2 scrolls of noise {unknown}
 A - a scroll of enchant weapon {unknown}
Potions
 d - a potion of might
 e - a potion of flight {unknown}
 f - 5 potions of curing {unknown}
 g - 2 potions of resistance {unknown}
 h - a potion of magic {unknown}
 i - a potion of brilliance {unknown}
 k - a potion of invisibility {unknown}
 u - a potion of haste {unknown}
 z - a potion of lignification {unknown}
 B - a potion of attraction {unknown}
 C - a potion of heal wounds {unknown}


   Skills:
 + Level 5.5 Fighting
 + Level 4.7 Axes
 + Level 1.8 Throwing
 + Level 5.5 Armour
 + Level 5.5 Shields
 + Level 1.7 Evocations


You had 6 spell levels left.
You didn't know any spells.
Your spell library contained the following spells:

 Spells                   Type           Power      Damage    Failure   Level
 Magic Dart               Conj           0%         1d3       99%         1
 Call Imp                 Summ           0%         N/A       100%        2
 Ensorcelled Hibernation  Hex/Ice        0%         N/A       100%        2
 Passwall                 Tmut/Erth      0%         N/A       100%        2
 Dazzling Flash           Conj/Hex       0%         N/A       100%        3
 Mephitic Cloud           Conj/Pois/Air  0%         N/A       100%        3
 Swiftness                Air            0%         N/A       100%        3
 Iskenderun's Mystic Bla  Conj/Tloc      0%         2d3       100%        4
 Starburst                Conj/Fire      0%         6d3       100%        6


Dungeon Overview and Level Annotations

Branches:
Dungeon (4/15)             Temple (1/1) D:4

Altars:
Ashenzari
Cheibriados
Dithmenos
Fedhas
Gozag
Hepliaklqana
Kikubaaqudgha
Makhleb
Nemelex Xobeh
Okawaru
Ru
Sif Muna
Uskayaw
Vehumet
Wu Jian
Xom
Yredelemnul
The Shining One

Annotations:
D:6 Duvessa


Innate Abilities, Weirdness & Mutations

You have a pair of horns on your head.
You reflexively headbutt those who attack you in melee.


Message History

Things that are here:
a +0 club; an orc corpse Duvessa, Sister of Dowan comes into view.
She is wielding a +5 rapier of speed.
Duvessa goes berserk!
Items here: )) [[ †.
You closely miss the kobold brigand.
Your headbutt misses the kobold brigand.
The kobold brigand hits you with a +0 dagger.
You hear a shout!
You barely miss the kobold brigand. You hit Duvessa but do no damage.
You block Duvessa's attack.
Duvessa hits you with a +5 rapier of speed!
A kobold comes into view.
It is wielding a +0 whip and quivering poisoned darts.
The kobold brigand hits you with a +0 dagger.
Duvessa hits you with a +5 rapier of speed!
You slash the kobold brigand!
The kobold brigand is moderately wounded.
You hit Duvessa.
Duvessa hits you with a +5 rapier of speed.
The kobold brigand hits you but does no damage.
Duvessa hits you with a +5 rapier of speed!
Duvessa hits you but does no damage.
The kobold brigand hits you but does no damage.
You closely miss the kobold brigand.
You headbutt the kobold brigand, but do no damage.
The kobold brigand is moderately wounded.
You completely miss Duvessa. Duvessa hits you but does no damage.
You block Duvessa's attack.
The kobold brigand hits you but does no damage.
The white imp summons a swarm of flies.
Duvessa closely misses you.
You hit the kobold brigand. You headbutt the kobold brigand.
The kobold brigand is heavily wounded.
You hit Duvessa but do no damage.
Duvessa hits you with a +5 rapier of speed!!
* * * LOW HITPOINT WARNING * * *
Duvessa hits you with a +5 rapier of speed.
* * * LOW HITPOINT WARNING * * *
The kobold brigand hits you with a +0 dagger.
You die...

)# #.# .# #.# .#
#.# .# #.# .# #.#
.# #)# .# #########
#)#
.##.....>....####e#
.....##.....K5FK@.#
.##..##.####.######
## n... ... #
#...K... . .F5###.
## 5> #. . . #. #
#. #


You could see Duvessa (berserk), a kobold brigand, a bullfrog, a white imp and a
kobold.

Vanquished Creatures
  An ice beast (D:3)
  A phantom (D:4)
  A necrophage (D:6)
  Dowan (D:6)
  4 hounds
  An orc wizard (D:6)
  A gnoll (D:4)
  4 adders
  A shadow imp (D:6)
  An ufetubus (D:6)
  3 worms
  2 dart slugs
  9 orcs
  8 ball pythons
  8 endoplasms
  4 giant cockroaches
  6 goblins
  5 hobgoblins
  10 jackals
  11 kobolds
  2 quokkas (D:2)
  7 bats
  4 frilled lizards
  6 rats
101 creatures vanquished.

Vanquished Creatures (others)
  A worm (D:3)
  A dart slug (D:3)
  2 endoplasms (D:3)
  A hobgoblin (D:3)
  A quokka (D:3)
  A kobold (D:3)
7 creatures vanquished.

Grand Total: 108 creatures vanquished

Notes
Turn   | Place    | Note
-------+----------+-------------------------------------------
     0 | D:1      | 386 the Minotaur Fighter began the quest for the Orb.
     0 | D:1      | Reached XP level 1. HP: 19/19 MP: 0/0
   459 | D:1      | Reached XP level 2. HP: 26/27 MP: 1/1
   969 | D:2      | Found a sacrificial altar of Ru.
   998 | D:2      | Found a shadowy altar of Dithmenos.
  1009 | D:2      | Reached XP level 3. HP: 33/33 MP: 2/2
  1477 | D:2      | Found a faded altar of an unknown god.
  1734 | D:3      | Reached XP level 4. HP: 38/40 MP: 3/3
  1947 | D:3      | Noticed an ice beast
  1958 | D:3      | Killed an ice beast
  1959 | D:3      | Reached XP level 5. HP: 36/47 MP: 4/4
  2072 | D:3      | Found a shimmering altar of Xom.
  2086 | D:3      | Identified the +8 whip of Experimentation {freeze, rCorr}
  2600 | D:4      | Noticed a phantom
  2613 | D:4      | Killed a phantom
  2614 | D:4      | Reached skill level 5 in Fighting
  2614 | D:4      | Reached skill level 5 in Armour
  2614 | D:4      | Reached skill level 5 in Shields
  2614 | D:4      | Reached XP level 6. HP: 47/56 MP: 5/5
  3080 | D:4      | Found a staircase to the Ecumenical Temple.
  3087 | Temple   | Entered the Ecumenical Temple
  3235 | Temple   | Became a worshipper of Cheibriados the Contemplative
  3327 | D:4      | Reached skill level 1 in Throwing
  3331 | D:4      | Reached skill level 1 in Evocations
  3465 | D:4      | You fall into a shaft and drop 2 floors!
  3703 | D:6      | Noticed Dowan
  3721 | D:6      | Reached XP level 7. HP: 55/61 MP: 6/6
  3728 | D:6      | Killed Dowan
  3752 | D:6      | Noticed Duvessa
  3759 | D:6      | HP: 2/61 [Duvessa/+5 rapier of speed (2)]
  3759 | D:6      | Slain by a kobold brigand

Illustrated notes

Levels and vault maps discovered:
D:1:      dpeg_arrival_simpleton_b, layout_loops_corners, hangedman_glass_teeth
D:2:      layout_basic, shapermc_ecumenical_altar_mp_highgroup, basic_altar,
          minmay_hexomino_r4
D:3:      layout_basic, xom_confusion_cloud
D:4:      layout_basic, temple_statues, chequers_garden, cheibrodos_gnoll_hut
D:6:      layout_loops_ring, chequers_temple_overflow_minitemple, uniq_duvessa
Temple:   nicolae_temple_elliptical

Skill      XL: |  1  2  3  4  5  6 |
---------------+-------------------+-----
Fighting       | 4 5 |  5.5
Armour         | 4 5 |  5.5
Shields        | 4 5 |  5.5
Axes           | 3 4 |  4.7
Throwing       | 1 |  1.8
Evocations     | 1 |  1.7

Action                   |  1- 3 |  4- 6 |  7- 9 || total
-------------------------+-------+-------+-------++-------
Melee: War axe           |    80 |   142 |     9 ||   231
       Headbutt          |     8 |    19 |     4 ||    31
Armor: Scale mail        |    48 |    11 |       ||    59
       Chain mail        |       |    68 |     6 ||    74
Dodge: Dodged            |    38 |    48 |     2 ||    88
Block: Buckler           |    23 |    40 |     3 ||    66
